[ AOE2 MATCH · #508120856 ]
UnrankedSaracens vs Vietnamese
Player's team · WIN
Rival team · LOSS
[ REPLAY ANALYSIS · EXTRACTED FROM THE RECORDED GAME ]
Feudal
8:51
Castle
20:47
Imperial
—
| APM avg | 72.7 |
| APM peak | 148 |
| eAPM avg | 33.4 |
| Villagers / military | 113 / 44 |
Focus
⚔️ 47.4% · 🌾 52.6%
Skirmisher ×32 · Mangonel ×6 · Monk ×3 · Scout Cavalry ×2 · Spearman ×1
Feudal
11:26
Castle
19:20
Imperial
—
| APM avg | 57.1 |
| APM peak | 120 |
| eAPM avg | 23.9 |
| Villagers / military | 94 / 42 |
Focus
⚔️ 30.8% · 🌾 69.2%
Rattan Archer ×27 · Mangonel ×7 · Militia ×2 · Spearman ×2 · Skirmisher ×2 · Fire Lancer ×2
Match map
Initial resources + every placement click. Lines = walls · curves = elevation contours. ◆ gold · ⬟ stone · ● berries · ✦ relic · ◌ wall gap
Your base· ✓ Closed at 20:47 · 37t walls · no gate
半月回淑's base· ✓ Closed at 19:20 · 33t walls · no gate
Smoothed initial terrain · ◌ = detected wall gap · hover for details
Inputs per minute
— Mr Greed - - 半月回淑
Build order — Mr Greed
First 150 of 304 actions detected
| 0:00 | Queue | Villager (Male) |
| 0:00 | Queue | Villager (Male) |
| 0:01 | Queue | Villager (Male) |
| 0:02 | Build | House |
| 0:03 | Build | House |
| 0:10 | Queue | Villager (Male) |
| 0:10 | Queue | Villager (Male) |
| 1:23 | Queue | Villager (Male) |
| 1:23 | Queue | Villager (Male) |
| 1:52 | Queue | Villager (Male) |
| 1:52 | Queue | Villager (Male) |
| 1:52 | Queue | Villager (Male) |
| 2:16 | Build | Lumber Camp |
| 2:19 | Queue | Villager (Male) |
| 2:19 | Queue | Villager (Male) |
| 2:19 | Queue | Villager (Male) |
| 2:44 | Queue | Villager (Male) |
| 2:44 | Queue | Villager (Male) |
| 2:55 | Queue | Villager (Male) |
| 2:55 | Queue | Villager (Male) |
| 2:55 | Queue | Villager (Male) |
| 3:07 | Queue | Villager (Male) |
| 3:07 | Queue | Villager (Male) |
| 3:08 | Queue | Villager (Male) |
| 3:23 | Build | House |
| 3:32 | Queue | Villager (Male) |
| 3:32 | Queue | Villager (Male) |
| 4:28 | Queue | Villager (Male) |
| 4:28 | Queue | Villager (Male) |
| 4:29 | Queue | Villager (Male) |
| 4:30 | Queue | Villager (Male) |
| 4:35 | Build | Mill |
| 4:51 | Queue | Villager (Male) |
| 5:01 | Queue | Villager (Male) |
| 5:01 | Queue | Villager (Male) |
| 5:02 | Queue | Villager (Male) |
| 5:21 | Queue | Villager (Male) |
| 5:21 | Research | Loom |
| 6:35 | Research | Feudal Age |
| 6:43 | Build | House |
| 6:44 | Build | Palisade Wall |
| 7:55 | Build | Palisade Wall |
| 8:20 | Build | Palisade Gate |
| 8:51 | Age | Feudal Age |
| 8:52 | Queue | Villager (Male) |
| 8:56 | Build | Barracks |
| 8:59 | Research | Double-Bit Axe |
| 8:59 | Research | Double-Bit Axe |
| 9:14 | Build | Palisade Wall |
| 9:22 | Build | Palisade Wall |
| 9:24 | Build | Palisade Wall |
| 9:27 | Build | Palisade Wall |
| 9:28 | Queue | Villager (Male) |
| 9:49 | Build | Stable |
| 9:50 | Queue | Spearman |
| 9:57 | Queue | Villager (Male) |
| 10:04 | Build | House |
| 10:06 | Build | Palisade Wall |
| 10:08 | Build | Palisade Wall |
| 10:10 | Build | Palisade Wall |
| 10:15 | Queue | Villager (Male) |
| 10:25 | Queue | Villager (Male) |
| 10:27 | Build | Mill |
| 10:31 | Queue | Scout Cavalry |
| 10:31 | Queue | Scout Cavalry |
| 10:34 | Build | House |
| 10:55 | Research | Horse Collar |
| 11:04 | Build | House |
| 11:26 | Queue | Villager (Male) |
| 11:29 | Queue | Villager (Male) |
| 11:37 | Build | House |
| 11:41 | Build | Farm |
| 11:41 | Build | Farm |
| 11:48 | Build | Farm |
| 11:51 | Build | Farm |
| 11:56 | Build | Farm |
| 12:14 | Queue | Villager (Male) |
| 12:15 | Build | Farm |
| 12:42 | Queue | Villager (Male) |
| 12:46 | Build | Archery Range |
| 12:51 | Queue | Villager (Male) |
| 12:57 | Build | Farm |
| 13:06 | Build | Farm |
| 13:11 | Build | Farm |
| 13:21 | Build | House |
| 13:23 | Build | House |
| 13:27 | Build | House |
| 13:31 | Queue | Villager (Male) |
| 13:32 | Build | Farm |
| 13:48 | Build | Farm |
| 13:50 | Queue | Villager (Male) |
| 13:55 | Build | House |
| 13:56 | Queue | Skirmisher |
| 14:00 | Queue | Villager (Male) |
| 14:13 | Build | Farm |
| 14:14 | Queue | Villager (Male) |
| 14:24 | Queue | Skirmisher |
| 14:27 | Build | House |
| 14:28 | Queue | Villager (Male) |
| 14:35 | Queue | Skirmisher |
| 14:52 | Build | Mining Camp |
| 15:01 | Build | Palisade Wall |
| 15:07 | Queue | Villager (Male) |
| 15:11 | Queue | Villager (Male) |
| 15:18 | Queue | Skirmisher |
| 15:19 | Queue | Villager (Male) |
| 15:33 | Build | Market |
| 15:39 | Queue | Villager (Male) |
| 15:42 | Queue | Skirmisher |
| 15:55 | Build | House |
| 16:04 | Queue | Villager (Male) |
| 16:05 | Queue | Skirmisher |
| 16:21 | Queue | Villager (Male) |
| 16:28 | Queue | Skirmisher |
| 16:37 | Build | Blacksmith |
| 16:54 | Queue | Skirmisher |
| 17:42 | Build | House |
| 18:01 | Research | Castle Age |
| 18:01 | Research | Castle Age |
| 18:01 | Research | Castle Age |
| 18:10 | Queue | Skirmisher |
| 18:23 | Queue | Skirmisher |
| 18:52 | Queue | Skirmisher |
| 18:54 | Research | Gold Mining |
| 18:54 | Research | Gold Mining |
| 19:01 | Build | Farm |
| 19:02 | Build | Farm |
| 19:06 | Build | House |
| 19:09 | Queue | Skirmisher |
| 19:30 | Build | House |
| 19:35 | Queue | Skirmisher |
| 19:35 | Research | Fletching |
| 19:36 | Research | Fletching |
| 19:47 | Build | House |
| 20:10 | Queue | Skirmisher |
| 20:15 | Research | Padded Archer Armor |
| 20:15 | Research | Padded Archer Armor |
| 20:47 | Age | Castle Age |
| 20:49 | Research | Elite Skirmisher (upgrade) |
| 20:50 | Research | Elite Skirmisher (upgrade) |
| 20:50 | Research | Bow Saw |
| 20:50 | Research | Bow Saw |
| 20:51 | Queue | Villager (Male) |
| 20:56 | Build | Town Center |
| 21:07 | Build | Town Center |
| 21:09 | Queue | Villager (Male) |
| 21:24 | Research | Bodkin Arrow |
| 21:24 | Research | Bodkin Arrow |
| 21:29 | Build | Palisade Gate |
| 21:42 | Queue | Villager (Male) |
Build order — 半月回淑
First 150 of 243 actions detected
| 0:00 | Queue | Villager (Male) |
| 0:00 | Queue | Villager (Male) |
| 0:02 | Build | House |
| 0:03 | Build | House |
| 0:12 | Queue | Villager (Male) |
| 0:23 | Queue | Villager (Male) |
| 0:23 | Queue | Villager (Male) |
| 1:19 | Build | Lumber Camp |
| 1:31 | Queue | Villager (Male) |
| 1:54 | Queue | Villager (Male) |
| 2:29 | Queue | Villager (Male) |
| 2:29 | Queue | Villager (Male) |
| 2:52 | Queue | Villager (Male) |
| 3:16 | Queue | Villager (Male) |
| 3:34 | Queue | Villager (Male) |
| 3:48 | Queue | Villager (Male) |
| 3:59 | Build | House |
| 4:21 | Queue | Villager (Male) |
| 4:28 | Build | Barracks |
| 4:37 | Queue | Villager (Male) |
| 4:56 | Build | House |
| 5:21 | Queue | Villager (Male) |
| 5:23 | Queue | Militia |
| 5:23 | Queue | Militia |
| 5:49 | Queue | Villager (Male) |
| 5:54 | Build | Palisade Wall |
| 5:55 | Build | Palisade Wall |
| 6:03 | Queue | Villager (Male) |
| 6:12 | Build | Mill |
| 6:26 | Build | Palisade Wall |
| 6:28 | Build | Palisade Wall |
| 6:30 | Build | House |
| 6:41 | Queue | Villager (Male) |
| 6:49 | Build | House |
| 6:50 | Build | Palisade Wall |
| 6:51 | Build | Palisade Wall |
| 7:08 | Queue | Villager (Male) |
| 7:12 | Build | Palisade Wall |
| 7:13 | Build | Palisade Wall |
| 7:22 | Queue | Villager (Male) |
| 7:42 | Build | Palisade Wall |
| 7:54 | Queue | Villager (Male) |
| 7:59 | Build | Mill |
| 8:26 | Queue | Villager (Male) |
| 8:29 | Build | House |
| 8:33 | Build | Palisade Wall |
| 8:34 | Build | Palisade Wall |
| 8:42 | Research | Loom |
| 8:59 | Build | House |
| 9:04 | Build | Palisade Wall |
| 9:06 | Build | Palisade Wall |
| 9:09 | Research | Feudal Age |
| 9:19 | Build | House |
| 9:22 | Build | Palisade Wall |
| 9:29 | Build | House |
| 9:30 | Build | Palisade Wall |
| 11:26 | Age | Feudal Age |
| 11:27 | Queue | Villager (Male) |
| 11:28 | Research | Double-Bit Axe |
| 11:29 | Research | Horse Collar |
| 11:31 | Build | Farm |
| 11:33 | Build | Farm |
| 11:37 | Build | Farm |
| 11:40 | Build | Archery Range |
| 11:41 | Queue | Villager (Male) |
| 11:47 | Build | Farm |
| 11:53 | Build | House |
| 12:03 | Build | Farm |
| 12:17 | Queue | Villager (Male) |
| 12:19 | Queue | Spearman |
| 12:25 | Queue | Skirmisher |
| 12:40 | Queue | Villager (Male) |
| 12:46 | Build | Mining Camp |
| 12:49 | Build | Farm |
| 12:52 | Queue | Villager (Male) |
| 13:11 | Build | Farm |
| 13:21 | Build | Farm |
| 13:22 | Research | Wheelbarrow |
| 13:23 | Queue | Villager (Male) |
| 13:30 | Queue | Skirmisher |
| 13:38 | Build | Farm |
| 13:53 | Build | Farm |
| 13:59 | Queue | Villager (Male) |
| 14:14 | Build | Mining Camp |
| 14:27 | Queue | Villager (Male) |
| 15:00 | Build | Farm |
| 15:01 | Queue | Villager (Male) |
| 15:07 | Build | Farm |
| 15:10 | Queue | Villager (Male) |
| 15:13 | Build | Farm |
| 16:03 | Build | Blacksmith |
| 16:06 | Queue | Villager (Male) |
| 16:38 | Research | Castle Age |
| 16:38 | Research | Castle Age |
| 17:01 | Build | House |
| 17:09 | Build | House |
| 17:23 | Research | Fletching |
| 17:37 | Queue | Spearman |
| 18:22 | Queue | Villager (Male) |
| 19:20 | Age | Castle Age |
| 19:22 | Build | Castle |
| 19:24 | Build | House |
| 19:30 | Queue | Villager (Male) |
| 19:31 | Research | Bow Saw |
| 19:37 | Research | Gold Mining |
| 19:56 | Build | Town Center |
| 19:58 | Queue | Villager (Male) |
| 20:00 | Research | Bodkin Arrow |
| 20:10 | Queue | Villager (Male) |
| 20:26 | Queue | Fire Lancer |
| 20:28 | Queue | Villager (Male) |
| 20:37 | Build | Town Center |
| 20:50 | Queue | Rattan Archer |
| 20:50 | Queue | Rattan Archer |
| 20:50 | Queue | Rattan Archer |
| 20:53 | Queue | Villager (Male) |
| 20:54 | Queue | Rattan Archer |
| 21:00 | Build | Farm |
| 21:02 | Queue | Villager (Male) |
| 21:04 | Build | House |
| 21:05 | Build | House |
| 21:06 | Build | House |
| 21:22 | Queue | Villager (Male) |
| 21:25 | Research | Heavy Plow |
| 21:44 | Queue | Rattan Archer |
| 21:53 | Queue | Villager (Male) |
| 21:57 | Queue | Rattan Archer |
| 22:09 | Queue | Villager (Male) |
| 22:10 | Queue | Rattan Archer |
| 22:14 | Queue | Rattan Archer |
| 22:22 | Queue | Villager (Male) |
| 22:28 | Queue | Villager (Male) |
| 22:28 | Queue | Rattan Archer |
| 22:40 | Build | Siege Workshop |
| 22:43 | Queue | Villager (Male) |
| 22:47 | Queue | Rattan Archer |
| 23:06 | Queue | Mangonel |
| 23:11 | Queue | Villager (Male) |
| 23:23 | Queue | Villager (Male) |
| 23:41 | Queue | Rattan Archer |
| 23:46 | Queue | Villager (Male) |
| 23:56 | Build | Farm |
| 23:58 | Queue | Villager (Male) |
| 24:02 | Queue | Villager (Male) |
| 24:09 | Queue | Villager (Male) |
| 24:12 | Build | House |
| 24:13 | Build | House |
| 24:14 | Build | Palisade Wall |
| 24:24 | Queue | Villager (Male) |
| 24:25 | Queue | Villager (Male) |
Match timeline
| 4:28 | 半月回淑 · first_building Barracks |
| 5:54 | 半月回淑 · wall_segment Palisade Wall x1 |
| 5:55 | 半月回淑 · wall_segment Palisade Wall x5 |
| 6:26 | 半月回淑 · wall_segment Palisade Wall x1 |
| 6:28 | 半月回淑 · wall_segment Palisade Wall x1 |
| 6:44 | Mr Greed · wall_segment Palisade Wall x5 |
| 6:50 | 半月回淑 · wall_segment Palisade Wall x1 |
| 6:51 | 半月回淑 · wall_segment Palisade Wall x1 |
| 7:12 | 半月回淑 · wall_segment Palisade Wall x1 |
| 7:13 | 半月回淑 · wall_segment Palisade Wall x1 |
| 7:42 | 半月回淑 · wall_segment Palisade Wall x2 |
| 7:55 | Mr Greed · wall_segment Palisade Wall x6 |
| 8:33 | 半月回淑 · wall_segment Palisade Wall x1 |
| 8:34 | 半月回淑 · wall_segment Palisade Wall x2 |
| 8:51 | Mr Greed · age_up feudal |
| 8:56 | Mr Greed · first_building Barracks |
| 9:04 | 半月回淑 · wall_segment Palisade Wall x1 |
| 9:06 | 半月回淑 · wall_segment Palisade Wall x7 |
| 9:14 | Mr Greed · wall_segment Palisade Wall x1 |
| 9:22 | 半月回淑 · wall_segment Palisade Wall x7 |
| 9:22 | Mr Greed · wall_segment Palisade Wall x4 |
| 9:24 | Mr Greed · wall_segment Palisade Wall x1 |
| 9:27 | Mr Greed · wall_segment Palisade Wall x1 |
| 9:30 | 半月回淑 · wall_segment Palisade Wall x1 |
| 9:49 | Mr Greed · first_building Stable |
| 10:06 | Mr Greed · wall_segment Palisade Wall x2 |
| 10:08 | Mr Greed · wall_segment Palisade Wall x1 |
| 10:10 | Mr Greed · wall_segment Palisade Wall x1 |
| 11:26 | 半月回淑 · age_up feudal |
| 11:40 | 半月回淑 · first_building Archery Range |
| 12:46 | Mr Greed · first_building Archery Range |
| 15:01 | Mr Greed · wall_segment Palisade Wall x15 |
| 17:54 | Mr Greed · first_market_buy 100 food |
| 19:20 | 半月回淑 · age_up castle |
| 19:22 | 半月回淑 · first_building Castle |
| 20:47 | Mr Greed · age_up castle |
| 22:31 | Mr Greed · first_building Siege Workshop |
| 22:40 | 半月回淑 · first_building Siege Workshop |
| 24:14 | 半月回淑 · wall_segment Palisade Wall x1 |
| 24:58 | Mr Greed · first_building Monastery |
| 28:56 | 半月回淑 · first_building Monastery |
| 29:51 | 半月回淑 · first_building Stable |
| 31:22 | Mr Greed · first_market_sell 100 wood |
| 32:39 | 半月回淑 · resign |
[ AI ANALYSIS · 1 CREDIT ]
What really happened in this match?
Wolo.gg analyzes every decision: build order, eco, micro, common mistakes by bracket. Personalized analysis on WhatsApp or Discord in 30 seconds.
Civ guide
Saracens
Perfil
Jugador #738249